 Dungeon Crawl Stone Soup version 0.28-a0-1510-gd0f6b136d3 (webtiles) character file.

Game seed: 12750221795892902910

12465 gimp the Severer (level 11, 0/92 HPs)
             Began as a Hill Orc Fighter on Jan 14, 2022.
             Was a High Priest of Okawaru.
             Slain by a small abomination (5 damage)
             ... in a Gauntlet.
             The game lasted 00:17:17 (13882 turns).

gimp the Severer (Hill Orc Fighter)                Turns: 13882, Time: 00:17:18

Health: 0/92       AC: 20    Str: 24    XL:     11   Next: 93%
Magic:  18/18      EV:  9    Int:  8    God:    Okawaru [*****.]
Gold:   502        SH:  5    Dex: 10    Spells: 10/10 levels left

rFire   + . .      SeeInvis .   a - +1 war axe (venom)
rCold   + . .      Faith    .   c - +0 buckler
rNeg    . . .      Spirit   .   N - +0 plate armour
rPois   +          Reflect  .   x - +1 hat "Zowuczio" {Fly rPois rC+ rCorr}
rElec   .          Harm     .   n - +1 cloak
rCorr   +          Rampage  .   (no gloves)
Will    +....      NoTele   +   (no boots)
Stlth   ..........              (no amulet)
HPRegen 0.25/turn               e - ring of protection from fire
MPRegen 0.16/turn               y - ring of willpower

@: heroic, flying
A: no striking features
a: Renounce Religion, Heroism, Finesse, Duel


You were in a Gauntlet.
You worshipped Okawaru.
Okawaru was extremely pleased with you.
You visited 2 branches of the dungeon, and saw 13 of its levels.
You also visited: Gauntlet.

You collected 502 gold pieces.

Inventory:

Hand Weapons
 a - a +1 war axe of venom (weapon)
 L - a +5 whip of flaming
 M - a +2 great sword of flaming
Missiles
 m - 10 javelins
 o - 3 throwing nets
 P - 9 poisoned darts (quivered)
Armour
 c - a +0 buckler (worn)
 g - a +0 chain mail
 n - a +1 cloak (worn)
 p - a +0 helmet
 x - the +1 hat "Zowuczio" (worn) {Fly rPois rC+ rCorr}
   (You acquired it on level 11 of the Dungeon)

   rC:        It protects you from cold.
   rPois:     It protects you from poison.
   Fly:       It grants you flight.
   rCorr:     It protects you from acid and corrosion.
 N - a +0 plate armour (worn)
Jewellery
 e - a ring of protection from fire (left hand)
 y - a ring of willpower (right hand)
 E - a ring of protection from fire
Wands
 B - a wand of polymorph (1)
 D - a wand of mindburst (12)
 G - a wand of iceblast (7)
Scrolls
 b - a scroll of vulnerability
 i - 3 scrolls of teleportation
 j - a scroll of magic mapping
 l - a scroll of fear
 q - 3 scrolls of enchant weapon
 t - a scroll of holy word
 z - 2 scrolls of blinking
 C - a scroll of torment {unknown}
Potions
 d - 5 potions of might
 f - a potion of flight
 h - 5 potions of curing
 k - a potion of mutation
 r - a potion of ambrosia
 s - 2 potions of brilliance {unknown}
 u - a potion of magic {unknown}
 v - a potion of heal wounds {unknown}
 w - 2 potions of berserk rage {unknown}
 A - 2 potions of lignification {unknown}
 H - a potion of cancellation
 I - 3 potions of haste


   Skills:
 - Level 7.0(12.0) Fighting
 * Level 17.6(22.6) Axes
 + Level 9.8(14.8) Armour
 - Level 3.2(8.2) Shields
 + Level 9.6 Invocations
 - Level 3.5 Evocations


You had 10 spell levels left.
You didn't know any spells.
Your spell library contained the following spells:

 Spells                   Type           Power      Damage    Failure   Level
 Freeze                   Ice            0%         1d3       99%         1
 Sting                    Tmut/Pois      0%         1d3       99%         1
 Ensorcelled Hibernation  Hex/Ice        0%         N/A       100%        2
 Passwall                 Tmut/Erth      0%         N/A       100%        2
 Poisonous Vapours        Pois/Air       0%         N/A       100%        2
 Frozen Ramparts          Ice            0%         1d2       100%        3
 Gell's Gravitas          Tloc           0%         N/A       100%        3
 Swiftness                Air            0%         N/A       100%        3
 Teleport Other           Tloc           0%         N/A       100%        3
 Hailstorm                Conj/Ice       0%         3d3       100%        4
 Olgreb's Toxic Radiance  Pois           0%         N/A       100%        4
 Dispersal                Tloc           0%         N/A       100%        6
 Ozocubu's Refrigeration  Ice            0%         4d5       100%        7
 Ignition                 Fire           0%         3d3       100%        8
 Summon Ice Beast         Ice/Summ       Unusable   N/A       N/A         4
 Summon Mana Viper        Hex/Summ       Unusable   N/A       N/A         5
 Monstrous Menagerie      Summ           Unusable   N/A       N/A         7

Dungeon Overview and Level Annotations

Branches:
Dungeon (12/15)            Temple (1/1) D:5            Lair (0/6) D:10
    Orc (0/2) D:9         Gauntlet (1/1)

Altars:
Ashenzari
Cheibriados
Dithmenos
Elyvilon
Fedhas
Gozag
Hepliaklqana
Kikubaaqudgha
Makhleb
Nemelex Xobeh
Okawaru
Qazlal
Ru
Sif Muna
Trog
Uskayaw
Vehumet
Wu Jian
Xom
Yredelemnul
Zin
The Shining One

Shops:
D:2 (=   D:5 :   D:8 (   D:11 ?

Annotations:
Gauntlet 11 transporters


Message History

MP restored: 18 You barely miss the small abomination.
The small abomination is lightly damaged.
The small abomination hits you.
* * * LOW HITPOINT WARNING * * *
You take 5 damage, and have 11/92 hp.
You hit the small abomination.
The small abomination is lightly damaged.
The small abomination hits you but does no damage.
You feel better. The small abomination hits you.
* * * LOW HITPOINT WARNING * * *
You regained 4 hp, and now have 15/92 hp.
You hit the small abomination but do no damage.
The small abomination is lightly damaged.
The small abomination hits you but does no damage.
You hit the small abomination.
The small abomination is moderately damaged.
You hit the small abomination but do no damage.
The small abomination is moderately damaged.
The small abomination hits you but does no damage.
You slice the small abomination!!
You destroy the small abomination!
Okawaru accepts your kill.
You slash the small abomination!
The small abomination is severely damaged.
The small abomination hits you.
* * * LOW HITPOINT WARNING * * *
You take 5 damage, and have 11/92 hp.
You hit the small abomination but do no damage.
The small abomination is severely damaged.
The small abomination hits you.
* * * LOW HITPOINT WARNING * * *
You take 6 damage, and have 5/92 hp.
You barely miss the small abomination.
The small abomination is severely damaged.
The small abomination barely misses you.
You hit the small abomination.
The small abomination is almost destroyed.
The small abomination hits you.
You die...

#########.#########.##
...#©.........©#....≈##
.8.#.8.8.8.8.8.#.8..≈≈#
...#©.........©#....≈##
###################.##
#44.#.#©#.#.?#©#.=#.≈##
#4#.#)?##.#.#.#.#.#.≈≈#
#3#.#...#.#.#.#x#.#.≈##
#.#.©####.#..#©#@.#.##
#.#....3#.#.#.#.#.#.≈##
#..####4#.#.#.#.#.#.≈≈#
#......4#.#..#.#..#.≈##
#########.#########.##
....©.........©.....≈#
#≈≈≈#..∩.8.∩..#≈≈≈#≈≈≈#
##≈###.......###≈###≈##
### ##≈≈≈≈≈## ### ##


You could see a small abomination.

Vanquished Creatures
  A boulder beetle (D:12)
  A centaur warrior (D:12)
  3 two-headed ogres
  A gargoyle (D:11)
  A komodo dragon (D:12)
  A troll (D:9)
  Sigmund (D:6)
  A shadow (D:12)
  A wyvern (D:10)
  12 yaks
  A human (D:12)
  A wraith (D:11)
  2 steam dragons
  Grum (D:8)
  2 ice beasts
  5 orc warriors
  A black bear (D:5)
  A sky beast (D:8)
  A hornet zombie (D:6)
  5 necrophages
  4 ogres
  3 wolves (D:8)
  8 centaurs
  2 phantoms
  Blork the orc (D:4)
  3 bullfrogs
  A scorpion (D:7)
  A wyvern skeleton (D:7)
  18 killer bees
  9 wights
  An electric eel (D:6)
  3 howler monkeys
  A crimson imp (D:12)
  A centaur skeleton (D:4)
  A centaur zombie (D:8)
  A jelly (D:6)
  2 hounds
  8 orc priests
  Jessica (D:2)
  Ijyb (D:5)
  4 iguanas
  Natasha (thrice) (D:2)
  12 orc wizards
  A killer bee zombie (D:8)
  5 small abominations (Gauntlet)
  A hound zombie (D:5)
  A hound skeleton (D:4)
  2 howler monkey zombies
  Robin (D:2)
  3 gnolls (D:3)
  6 adders
  4 shadow imps
  An adder skeleton (D:4)
  3 worms
  3 dart slugs
  40 orcs
  10 ball pythons
  8 endoplasms
  6 giant cockroaches
  13 goblins
  17 hobgoblins
  8 jackals
  7 quokkas
  5 bats
  9 frilled lizards
  10 kobolds
  6 rats
302 creatures vanquished.

Vanquished Creatures (others)
  A demonic plant (Gauntlet)
  2 plants (D:4)
3 creatures vanquished.

Grand Total: 305 creatures vanquished

Notes
Turn   | Place    | Note
-------+----------+-------------------------------------------
     0 | D:1      | gimp the Hill Orc Fighter began the quest for the Orb.
     0 | D:1      | Reached XP level 1. HP: 19/19 MP: 1/1
    19 | D:1      | Reached skill level 3 in Axes
    32 | D:1      | Reached XP level 2. HP: 20/27 MP: 2/2
   303 | D:1      | Reached skill level 4 in Axes
   304 | D:1      | Reached XP level 3. HP: 28/33 MP: 3/3
   348 | D:1      | Found a faded altar of an unknown god.
  1134 | D:2      | Reached XP level 4. HP: 41/41 MP: 4/4
  1149 | D:2      | Reached skill level 5 in Axes
  1391 | D:2      | Found Cogypsyo's Jewellery Shoppe.
  1563 | D:2      | Noticed Robin
  1585 | D:2      | Killed Robin
  1832 | D:2      | Noticed Jessica
  1841 | D:2      | Killed Jessica
  1842 | D:2      | Reached XP level 5. HP: 45/47 MP: 5/5
  1863 | D:2      | Reached skill level 6 in Axes
  1863 | D:2      | Found Pesisik's Weapon Emporium.
  2069 | D:2      | Noticed Natasha
  2076 | D:2      | Killed Natasha
  2077 | D:2      | Reached skill level 5 in Fighting
  2158 | D:2      | Noticed Natasha
  2160 | D:2      | Killed Natasha
  2208 | D:2      | Noticed Natasha
  2236 | D:2      | Killed Natasha
  2237 | D:2      | Reached XP level 6. HP: 55/56 MP: 6/6
  2330 | D:3      | Found a stormy altar of Qazlal.
  2505 | D:3      | Reached skill level 7 in Axes
  3128 | D:4      | Noticed Blork the orc
  3176 | D:4      | Killed Blork the orc
  3177 | D:4      | Reached skill level 8 in Axes
  3177 | D:4      | Reached XP level 7. HP: 34/63 MP: 7/7
  3376 | D:4      | Found a blossoming altar of Fedhas.
  3385 | D:4      | Found an ornate altar of the Wu Jian Council.
  3978 | D:4      | Reached skill level 9 in Axes
  4233 | D:4      | Found a sparkling altar of Nemelex Xobeh.
  4233 | D:4      | Found an opulent altar of Gozag.
  4350 | D:4      | Reached XP level 8. HP: 61/73 MP: 8/8
  4518 | D:5      | Entered Level 5 of the Dungeon
  4523 | D:5      | Noticed Ijyb
  4524 | D:5      | Reached skill level 10 in Axes
  4532 | D:4      | Reached skill level 1 in Evocations
  4638 | D:5      | Killed Ijyb
  4682 | D:5      | Found a staircase to the Ecumenical Temple.
  4712 | Temple   | Entered the Ecumenical Temple
  5082 | D:5      | Found Uzanoaty's Book Emporium.
  5259 | D:5      | Found a broken altar of Ashenzari.
  5525 | D:5      | Reached skill level 11 in Axes
  5869 | D:5      | Found an iron altar of Okawaru.
  5872 | D:5      | Became a worshipper of Warmaster Okawaru
  5942 | D:6      | Reached skill level 5 in Armour
  5942 | D:6      | Reached XP level 9. HP: 75/79 MP: 9/9
  6007 | D:6      | Noticed Sigmund
  6016 | D:6      | Killed Sigmund
  6017 | D:6      | Reached skill level 12 in Axes
  6062 | D:6      | Found a burning altar of Makhleb.
  6208 | D:6      | Reached skill level 1 in Invocations
  6280 | D:6      | Found a burning altar of Makhleb.
  6280 | D:6      | Noticed an Executioner
  6341 | D:6      | Reached * piety under Okawaru
  6873 | D:6      | Found a radiant altar of Vehumet.
  7397 | D:7      | Noticed a two-headed ogre
  7404 | D:7      | Killed a two-headed ogre
  7404 | D:7      | Reached ** piety under Okawaru
  7405 | D:7      | Reached skill level 13 in Axes
  7585 | D:7      | Reached XP level 10. HP: 75/86 MP: 13/13
  8002 | D:7      | Found a sacrificial altar of Ru.
  8017 | D:7      | Reached skill level 5 in Invocations
  8029 | D:7      | Reached skill level 14 in Axes
  8585 | D:8      | Found Imilonit's Weapon Boutique.
  8686 | D:8      | Noticed Grum
  8698 | D:8      | Killed Grum
  9382 | D:8      | Reached *** piety under Okawaru
  9834 | D:9      | Reached skill level 15 in Axes
  9896 | D:9      | Reached **** piety under Okawaru
 10234 | D:9      | Found a staircase to the Orcish Mines.
 10407 | D:9      | Reached XP level 11. HP: 90/92 MP: 16/16
 10442 | D:9      | Found a basalt altar of Yredelemnul.
 10444 | D:9      | Found a shimmering blue altar of Sif Muna.
 10807 | D:10     | Entered Level 10 of the Dungeon
 10824 | D:10     | Found a staircase to the Lair.
 11159 | D:10     | Reached skill level 16 in Axes
 11363 | D:10     | Found a white marble altar of Elyvilon.
 11478 | D:10     | Noticed a two-headed ogre
 11491 | D:10     | Killed a two-headed ogre
 12234 | D:11     | Found Boihui's Magic Scroll Boutique.
 12253 | D:11     | Reached ***** piety under Okawaru
 12505 | D:11     | Identified a scroll of acquirement
 12505 | D:11     | Acquired the +1 hat "Zowuczio" {Fly rPois rC+ rCorr}
 12614 | D:11     | Noticed a two-headed ogre
 12628 | D:11     | Killed a two-headed ogre
 13430 | D:12     | Noticed a centaur warrior
 13439 | D:12     | Killed a centaur warrior
 13440 | D:12     | Reached skill level 17 in Axes
 13470 | D:12     | Noticed a boulder beetle
 13482 | D:12     | Killed a boulder beetle
 13584 | D:12     | Received a gift from Okawaru
 13606 | D:12     | Found a gate leading to a gauntlet.
 13611 | Gauntlet | Entered a Gauntlet
 13611 | Gauntlet | Found a transporter.
 13611 | Gauntlet | Found a transporter.
 13613 | Gauntlet | Found a transporter.
 13613 | Gauntlet | Found a transporter.
 13617 | Gauntlet | Found a transporter.
 13617 | Gauntlet | Found a transporter.
 13643 | Gauntlet | Noticed a shining eye
 13649 | Gauntlet | Found a transporter.
 13653 | Gauntlet | Found a transporter.
 13664 | Gauntlet | Found a transporter.
 13670 | Gauntlet | Found the +3 pair of seven-league boots {Rampage+∞}
 13680 | Gauntlet | Found a transporter.
 13683 | Gauntlet | Noticed a death drake
 13697 | Gauntlet | Found a transporter.
 13698 | Gauntlet | Found a transporter.
 13882 | Gauntlet | Slain by a small abomination

Illustrated notes

Levels and vault maps discovered:
D:1:      dpeg_arrival_oval, layout_loops_ring,
          dreamdust_ecumenical_altar_statues
D:2:      layout_basic, serial_shops, nicolae_shop_hallway_plus,
          nicolae_square_shop, uniq_jessica, uniq_robin, uniq_natasha
D:3:      layout_rooms, lemuel_round_altar
D:4:      layout_basic, grunt_temple_overflow_opulence,
          mainiacjoe_overflow_paths, fedhas_altar_1, uniq_blork_the_orc
D:5:      minmay_clustersquares, layout_loops_cross, evilmike_ruin_ashenzari,
          kennysheep_mini, temple_pool_b, serial_shops,
          nicolae_shop_behind_doors, uniq_ijyb
D:6:      layout_loops_cross, nicolae_overflow_hidden_temple,
          makhleb_altar_promises_db, nicolae_lava_and_water, minivault_26,
          kennysheep_small_circle, uniq_sigmund
D:7:      layout_basic, mainiacjoe_overflow_concentric_impassable
D:8:      layout_cave_pods, serial_shops, nicolae_stop_n_shop_2, uniq_grum
D:9:      layout_stronghold, minitemple, david_orc_3, serial_glass,
          glass_columns_a, glass_columns_a, kennysheep_generic_room_11
D:10:     layout_irregular_city, mainiacjoe_overflow_24_doors, lair_entry_dummy
D:11:     layout_irregular_city, nicolae_take_the_stairs,
          minmay_misc_feat_nine_boxes
D:12:     layout_irregular_city, gauntlet_entry_generic,
          nicolae_trove_entry_crystal, hangedman_stone_soup, uniq_nergalle
Temple:   compressed_dpeg_triangle_lava_temple
Gauntlet: minmay_gauntlet_77_indecision
          [minmay_gauntlet_arena_77_radiant_squares,
          minmay_gauntlet_arena_77_braids, minmay_gauntlet_arena_77_museum,
          minmay_gauntlet_arena_77_mirror, minmay_gauntlet_arena_77_two_paths,
          minmay_gauntlet_arena_77_squiggly, gauntlet_exit_watery]

Skill      XL: |  1  2  3  4  5  6  7  8  9 10 11 |
---------------+----------------------------------+-----
Axes           | 3 4 5 6 8 9 11 13 15 17 | 17.6
Fighting       | 4 5 6 7 |  7.0
Evocations     | 3 |  3.5
Armour         | 5 6 8 9 |  9.8
Invocations    | 4 7 9 |  9.6
Shields        | |  3.2

Action                   |  1- 3 |  4- 6 |  7- 9 | 10-12 || total
-------------------------+-------+-------+-------+-------++-------
Melee: War axe           |   103 |   168 |   325 |   378 ||   974
       Unarmed           |       |     1 |       |       ||     1
Throw: Dart              |       |       |       |     2 ||     2
Invok: Heroism           |       |       |     1 |     5 ||     6
Evoke: Wand              |       |       |     1 |       ||     1
  Use: Scroll            |       |       |       |    21 ||    21
       Potion            |       |       |       |     1 ||     1
Armor: Scale mail        |    11 |       |       |       ||    11
       Chain mail        |    50 |    91 |    97 |       ||   238
       Plate armour      |       |       |    53 |   224 ||   277
Dodge: Dodged            |    39 |    68 |    75 |   117 ||   299
Block: Buckler           |    24 |    46 |    63 |    90 ||   223

Table legend: (Time is in decaauts)
 A = Elapsed time spent in this place.
 B = Non-inter-level travel time spent in this place.
 C = Inter-level travel time spent in this place.
 D = Time resting spent in this place.
 E = Time spent auto-exploring this place.
 F = Levels seen in this place.
 G = Mean time per level.
                   A        B        C        D        E       F      G
               +--------+--------+--------+--------+--------+-----+--------+
         Total |  13903 |  13583 |    320 |    997 |  10042 |  14 |  993.1 |
       Dungeon |  13525 |  13205 |    320 |    875 |   9990 |  12 | 1127.1 |
        Temple |    112 |    112 |      0 |      0 |     52 |   1 |  112.0 |
      Gauntlet |    265 |    265 |      0 |    122 |      0 |   1 |  265.0 |
               +--------+--------+--------+--------+--------+-----+--------+

Top non-repeatable levels by time:
    D:11: 1533 daAuts
     D:2: 1378 daAuts
     D:6: 1371 daAuts
     D:4: 1353 daAuts
     D:7: 1291 daAuts
     D:9: 1250 daAuts
     D:5: 1176 daAuts
    D:10: 1074 daAuts
     D:3: 1008 daAuts
     D:1: 978 daAuts
     D:8: 938 daAuts
Gauntlet: 265 daAuts
    D:12: 169 daAuts
  Temple: 112 daAuts
